Map: Bel'Shir Vestige LE (Void)

Players

PengWin - Winner!

  • Race: Zerg Zerg
  • Spawn Location: 11:00

xKawaiian

  • Race: Terran Terran
  • Spawn Location: 5:00

Event: WCS Austin 2017

VOD

Have the link to the VOD?

Description

Time

  • Played on: April 28, 2017, 2:14 p.m.
  • Length: 5:04

All games in this series

Show
View Real Time Build Order
Export as new Build Order

PengWin Zerg - Winner!

Build Orders: Pool First 

Get SALT Encoding   

  12  0:01  Drone  
  13  0:13  Overlord  
  13  0:17  Drone  
  14  0:31  Drone x2  
  14  0:34  Drone  
  17  0:39  Extractor  
  16  0:48  Drone  
  17  0:50  Spawning Pool  
  17  0:56  Drone  
  17  1:17  Hatchery  
  16  1:29  Drone  
  17  1:37  Queen  
  19  1:41  Metabolic Boost  
  19  1:44  Zergling x2  
  20  1:49  Drone  
  20  1:51  Overlord  
  21  1:59  Drone  
  22  2:14  Queen  
  24  2:18  Drone x2  
  26  2:29  Queen  
  28  2:41  Zergling x2  
  28  2:42  Zergling x6  
  28  2:44  Evolution Chamber  
  31  2:45  Zergling x6  
  31  2:50  Overlord  
  34  2:55  Drone  
  35  3:09  Drone  
  35  3:10  Drone  
  37  3:14  Drone x2  
  37  3:18  Drone x2  
  39  3:32  Drone x4  
  43  3:39  Overlord x2  
  42  3:56  Queen  
  42  4:00  Drone x2  
  42  4:01  Drone x2  
  48  4:04  Zergling x4  
  50  4:10  Zergling x2  
  50  4:11  Zergling x6  
  50  4:14  Hatchery  
  53  4:25  Overlord  
  53  4:26  Drone x2  
Show
View Real Time Build Order
Export as new Build Order

xKawaiian Terran 

Build Orders: Reaper Expand, Hellion Banshee 

Get SALT Encoding   

  12  0:00  SCV  
  13  0:13  SCV  
  14  0:18  Supply Depot  
  14  0:25  SCV  
  15  0:29  Refinery  
  15  0:39  SCV  
  16  0:44  Barracks  
  16  0:51  SCV  
  17  1:03  SCV  
  18  1:15  SCV  
  19  1:31  Orbital Command  
  19  1:32  Reaper  
  20  1:45  Command Center  
  20  1:56  Factory  
  20  2:00  SCV  
  21  2:07  Barracks Reactor  
  21  2:11  Supply Depot  
  21  2:14  SCV  
  22  2:26  SCV  
  23  2:38  SCV  
  23  2:47  Starport  
  23  2:50  Hellion x2  
  27  2:53  SCV  
  27  2:54  Refinery, Barracks Tech Lab  
  28  3:00  Orbital Command  
  28  3:10  SCV  
  29  3:20  Bunker  
  29  3:22  SCV  
  29  3:24  Hellion x2  
  32  3:28  Orbital Command  
  30  3:36  Supply Depot  
  30  3:38  Banshee  
  30  3:40  Marine  
  30  3:47  Hellion  
  32  3:51  Hellion  
  34  3:58  SCV x2  
  36  4:10  Bunker, SCV  
  42  4:29  SCV  
  38  4:32  Barracks  
  38  4:33  Barracks, SCV  
  38  4:36  Marine x2  
  41  4:41  SCV  
  41  4:45  SCV  
Tags
 
Add a new tag
Caveats
  • Supply blocks, unpowered buildings, or Contaminate may cause inaccurate times.
  • Supply counts are checked every 10 seconds.